 Dungeon Crawl Stone Soup version 0.26.1-2-gb8aa6d0cf2 (webtiles) character file.

Game seed: 9476303428058187541

19925 KamiKatze the Cleaver (level 12, -2/95 HPs)
             Began as a Merfolk Berserker on Mar 15, 2021.
             Was an Elder of Trog.
             Slain by a blink frog (14 damage)
             ... on level 6 of the Lair of Beasts.
             The game lasted 01:07:32 (15205 turns).

KamiKatze the Cleaver (Merfolk Berserker)          Turns: 15205, Time: 01:07:33

Health: -2/95      AC: 17    Str: 22    XL:     12   Next: 74%
Magic:  12/12      EV: 17    Int:  7    God:    Trog [****..]
Gold:   915        SH:  0    Dex: 13    Spells: 11/11 levels left

rFire    + . .     SeeInvis .   a - +2 war axe
rCold    + . .     Faith    .   (no shield)
rNeg     . . .     Spirit   .   r - +0 swamp dragon scales
rPois    +         Reflect  .   e - +0 helmet
rElec    .         Harm     .   D - scarf {rC+ rF+}
rCorr    .         Rampage  .   f - +0 pair of gloves
Will     ++...                  L - +1 pair of boots
Stlth    +.........             (no amulet)
HPRegen  1.25/turn              X - +4 ring of protection
MPRegen  0.13/turn              (no ring)

@: regenerating
A: change form in water, swift swim, stealthy swim
a: Renounce Religion, Berserk, Trog's Hand, Brothers in Arms


You were on level 6 of the Lair of Beasts.
You worshipped Trog.
Trog was greatly pleased with you.
You visited 3 branches of the dungeon, and saw 16 of its levels.
You also visited: Sewer.

You collected 915 gold pieces.

Inventory:

Hand Weapons
 a - a +2 war axe (weapon)
 b - the +5 spear "Undertaker" {flame, +Rage}
   (You found it on level 5 of the Dungeon)

   It has been specially enchanted to burn those struck by it, causing extra
   injury to most foes and up to half again as much damage against particularly
   susceptible opponents.
   It lets you go berserk.
 w - a +1 trident of venom
 F - a +0 whip of electrocution
 I - a +1 dire flail of holy wrath
 R - a +1 antimagic broad axe
 V - a +2 hand axe of freezing
 W - a +4 battleaxe
Missiles
 m - 259 stones
 s - 48 poisoned darts (quivered)
 u - 12 boomerangs
 A - 11 javelins
 N - 2 atropa-tipped darts
Armour
 d - a +0 plate armour
 e - a +0 helmet (worn)
 f - a +0 pair of gloves (worn)
 r - +0 swamp dragon scales (worn)
 B - a +0 cloak
 D - a scarf of resistance (worn)
 K - a +0 chain mail
 L - a +1 pair of boots (worn)
 S - a +2 scale mail of poison resistance
Jewellery
 X - a +4 ring of protection (left hand)
Wands
 j - a wand of enslavement (6)
 q - a wand of acid (7)
 y - a wand of paralysis (30)
 E - a wand of disintegration (7)
 P - a wand of polymorph (2)
Scrolls
 c - 4 scrolls of remove curse
 g - 2 scrolls of enchant armour
 n - a scroll of enchant weapon
 z - a scroll of fog
 J - 2 scrolls of teleportation
 M - 2 scrolls of magic mapping
 T - a scroll of identify
Potions
 h - a potion of haste
 i - 2 potions of invisibility
 l - a potion of curing
 o - 5 potions of mutation
 p - 4 potions of cancellation
 t - a potion of attraction
 v - a potion of resistance
 x - 5 potions of heal wounds
 G - 2 potions of flight
 Q - 2 potions of might
 U - 2 potions of berserk rage
Miscellaneous
 H - a box of beasts
 O - a condenser vane


   Skills:
 + Level 9.1 Fighting
 * Level 11.9 Axes
 - Level 1.0 Throwing
 + Level 6.0 Armour
 + Level 10.3 Dodging
 * Level 7.7 Evocations


You had 11 spell levels left.
You didn't know any spells.
Your spell library was empty.

Dungeon Overview and Level Annotations

Branches:
Dungeon (11/15)            Temple (1/1) D:4            Lair (3/6) D:9
  Snake (0/4) Lair:2        Sewer (visited)
  Swamp: Lair:2-4    Shoals: Lair:2-4       Orc: D:9-12

Altars:
Ashenzari
Cheibriados
Dithmenos
Elyvilon
Fedhas
Gozag
Hepliaklqana
Kikubaaqudgha
Makhleb
Nemelex Xobeh
Okawaru
Qazlal
Ru
Sif Muna
Trog
Uskayaw
Vehumet
Wu Jian
Xom
Yredelemnul
Zin
The Shining One

Shops:
D:5 =

Annotations:
Lair:2 exclusion: oklob plant


Message History

A yak comes into view.
The yak closely misses you. The yak gores you!
* * * LOW HITPOINT WARNING * * *
The yak barely misses you. x2
Found a scale mail.
A yak comes into view.
As you read the scroll of fear, it crumbles to dust.
You assume a fearsome visage.
The yak looks frightened! x6
You feel yourself speed up.
You fail to use your ability.
Your skin crawls.
You feel strong-willed.
Found a moonstone ring.
A blink frog comes into view.
The blink frog gives a loud, deep croak!
A vampire mosquito comes into view.
The vampire mosquito moves out of view.
The vampire mosquito buzzes angrily.
You hear a croak.
The blink frog misses you. The blink frog hits you!
You die...

.P#.....## ....Y#.
...P........##.....Y#
#.. #............Y..[
#.. ##..........#
##.# #P....Y.##.##
##...##.....### #
.##.#....#....#.#
........F.......#P
.......@............
.#.##=##.P##.##P..##
# #.##### ..## ###
###


You could see a yak and a blink frog.

Vanquished Creatures
  2 hydras
  Fannar (Lair:3)
  Pikel (D:7)
  3 cane toads
  Maggie (D:8)
  A rime drake (Lair:1)
  3 komodo dragons
  4 trolls
  Grinder (D:4)
  3 blink frogs (Lair:2)
  A spriggan (shapeshifter) (D:8)
  A wyvern (Lair:1)
  28 yaks
  2 basilisks
  2 wargs
  Edmund (D:4)
  An acid dragon (D:10)
  8 water moccasins
  3 nagas (Lair:2)
  Duvessa (D:6)
  4 orc warriors
  2 ice beasts
  A hornet zombie (D:8)
  A black bear (D:10)
  6 ogres
  5 necrophages
  2 sky beasts
  3 phantoms
  10 wolves
  4 centaurs
  A lemure (D:7)
  A gnoll sergeant (D:10)
  Blork the orc (D:4)
  13 bullfrogs
  Dowan (D:6)
  A water moccasin skeleton (D:5)
  2 scorpions
  4 killer bees (D:8)
  6 wights
  5 howler monkeys
  2 centaur zombies
  A bullfrog zombie (D:6)
  A hound (D:8)
  9 jellies
  4 orc priests
  2 centaur skeletons
  10 orc wizards
  3 iguanas
  4 bullfrog skeletons
  5 worker ants
  4 hell rats (Lair:3)
  2 hound skeletons
  2 mummies (D:8)
  4 worker ant zombies
  3 gnolls
  12 adders
  4 shadow imps
  5 white imps
  8 oozes
  2 adder skeletons
  3 worms (D:2)
  4 dart slugs
  6 leopard geckos
  35 orcs
  15 giant cockroaches
  5 goblins
  5 hobgoblins
  6 jackals
  4 quokkas
  5 ball pythons
  9 bats
  10 frilled lizards
  A jackal zombie (D:8)
  A quokka skeleton (D:5)
  A quokka zombie (D:6)
  6 rats
344 creatures vanquished.

Vanquished Creatures (others)
  21 fungi
  90 plants
  A withered plant (D:8)
112 creatures vanquished.

Grand Total: 456 creatures vanquished

Notes
Turn   | Place    | Note
-------+----------+-------------------------------------------
     0 | D:1      | KamiKatze the Merfolk Berserker began the quest for the
                  | Orb.
     0 | D:1      | Reached XP level 1. HP: 18/18 MP: 1/1
   161 | D:1      | Reached skill level 3 in Axes
   161 | D:1      | Reached XP level 2. HP: 17/24 MP: 2/2
   422 | D:1      | Reached XP level 3. HP: 26/29 MP: 3/3
   960 | D:2      | Reached ** piety under Trog
  1291 | D:2      | Reached skill level 4 in Axes
  1291 | D:2      | Reached XP level 4. HP: 35/35 MP: 4/4
  1547 | D:2      | Reached skill level 1 in Evocations
  1733 | D:2      | Found a faded altar of an unknown god.
  1901 | D:3      | Reached XP level 5. HP: 41/41 MP: 5/5
  1998 | D:3      | Noticed an ice beast
  2014 | D:3      | Killed an ice beast
  2015 | D:3      | Reached skill level 5 in Axes
  2015 | D:3      | Reached XP level 6. HP: 47/47 MP: 6/6
  2797 | D:4      | Noticed Grinder
  2816 | D:4      | Killed Grinder
  2817 | D:4      | Reached skill level 6 in Axes
  2817 | D:4      | Reached XP level 7. HP: 34/52 MP: 7/7
  2860 | D:4      | Noticed Blork the orc
  2875 | D:4      | Killed Blork the orc
  2931 | D:4      | Noticed Edmund
  2963 | D:4      | Killed Edmund
  3166 | D:4      | Reached skill level 7 in Axes
  3768 | D:4      | Found a staircase to the Ecumenical Temple.
  3778 | Temple   | Entered the Ecumenical Temple
  4074 | D:5      | Entered Level 5 of the Dungeon
  4123 | D:5      | Reached XP level 8. HP: 56/58 MP: 8/8
  4281 | D:5      | Found Suq Sou's Jewellery Shop.
  4302 | D:5      | Reached *** piety under Trog
  4320 | D:5      | Reached skill level 8 in Axes
  4529 | D:5      | Got an iridescent spear
  4530 | D:5      | Identified the +5 spear "Undertaker" {flame, +Rage} (You
                  | found it on level 5 of the Dungeon)
  4604 | D:6      | Reached skill level 1 in Throwing
  4609 | D:6      | Found a glowing drain.
  4629 | Sewer    | Entered a sewer
  5237 | D:6      | Found a bloodstained altar of Trog.
  5237 | D:6      | Noticed Duvessa
  5237 | D:6      | Noticed Dowan
  5308 | D:6      | Killed Dowan
  5308 | D:6      | Reached **** piety under Trog
  5387 | D:6      | Killed Duvessa
  5388 | D:6      | Reached XP level 9. HP: 66/66 MP: 9/9
  6038 | D:7      | Reached skill level 9 in Axes
  6038 | D:7      | Reached skill level 5 in Dodging
  6154 | D:7      | Reached skill level 5 in Fighting
  6834 | D:8      | Noticed Maggie
  6883 | D:8      | Noticed Pikel
  6994 | D:8      | Noticed a troll
  7006 | D:8      | Killed a troll
  7108 | D:7      | Killed Pikel
  7109 | D:7      | Reached XP level 10. HP: 76/76 MP: 10/10
  7391 | D:8      | Reached skill level 10 in Axes
  7503 | D:8      | Paralysed by Maggie for 3 turns
  7603 | D:8      | Killed Maggie
  8606 | D:8      | Reached ***** piety under Trog
  8810 | D:9      | Found a staircase to the Lair.
  8814 | D:9      | Reached XP level 11. HP: 63/84 MP: 11/11
  9501 | D:10     | Entered Level 10 of the Dungeon
  9999 | D:10     | Reached skill level 5 in Armour
 10331 | D:10     | Reached skill level 11 in Axes
 10738 | D:11     | Noticed a white ugly thing
 10799 | Lair:1   | Entered Level 1 of the Lair of Beasts
 11436 | Lair:1   | Noticed a seven-headed hydra
 11469 | Lair:1   | Killed a seven-headed hydra
 12217 | Lair:2   | Noticed an oklob plant
 12315 | Lair:1   | Reached XP level 12. HP: 44/94 MP: 12/12
 12536 | Lair:2   | Received a gift from Trog
 12693 | Lair:2   | Reached skill level 10 in Dodging
 12933 | Lair:2   | Noticed an eight-headed hydra
 12971 | Lair:2   | Killed an eight-headed hydra
 13108 | Lair:2   | Reached skill level 5 in Evocations
 13108 | Lair:2   | HP: 5/141 [cane toad (14)]
 13392 | Lair:2   | Found a staircase to the Snake Pit.
 14916 | Lair:3   | Noticed Fannar
 14939 | Lair:3   | Killed Fannar
 15089 | Lair:3   | You fall into a shaft and drop 3 floors!
 15089 | Lair:6   | Entered Level 6 of the Lair of Beasts
 15089 | Lair:6   | Noticed a death yak
 15089 | Lair:6   | Noticed a death yak
 15089 | Lair:6   | Noticed a death yak
 15097 | Lair:6   | Noticed a five-headed hydra
 15134 | Lair:6   | Noticed a five-headed hydra
 15193 | Lair:6   | HP: 1/95 [yak (13)]
 15205 | Lair:6   | Slain by a blink frog

Illustrated notes

Levels and vault maps discovered:
D:1:      ncdulo_smallfort, layout_loops_ring, grunt_decor_resistance
D:2:      layout_loops_cross, chequers_ecumenical_altar_lobes
D:3:      layout_loops_cross
D:4:      layout_loops_corners, temple_hall, uniq_edmund, uniq_grinder,
          uniq_blork_the_orc
D:5:      layout_rooms, serial_shops,
          nicolae_shop_temple_entry_statues_fountains, kennysheep_generic_room_5
D:6:      layout_rooms, lightli_temple_of_fire, gup_sewer_entry_glass,
          hangedman_abyss_or_decor_stagger, minmay_misc_feat_five,
          kennysheep_generic_room_7, uniq_duvessa
D:7:      minmay_skewed_foursquare, layout_basic, hex_large
D:8:      nzn_winding_woodlands_three_and_one
          [nzn_winding_woodlands_5x15_default,
          nzn_winding_woodlands_5x15_parted, nzn_winding_woodlands_5x15_garden,
          nzn_winding_woodlands_center_triple_pond], layout_cave_pools,
          serial_undead, serial_undead_f, serial_undead_f, serial_undead_f,
          serial_undead_a, serial_undead_e, serial_undead_d, serial_undead_d,
          hangedman_little_slice_of_home, uniq_pikel, uniq_maggie
D:9:      layout_irregular_city, erik_lair_orcish_takeover, minmay_crystal_room
D:10:     layout_cave_pools, minivault_19
D:11:     lemuel_ice_spiral_2, layout_irregular_city, zombieorc2_lemuel,
          serial_shops, shop, uniq_snorg
Temple:   nicolae_temple_the_god_donut
Lair:1:   layout_layer_cave, lemuel_fruit_tree
Lair:2:   layout_cave_pods, guppyfry_snake_entry_garden,
          chequers_serial_rivers_micro_b
Lair:3:   layout_regular_city, nicolae_quartered_pool_little, uniq_fannar
Lair:6:   minmay_lair_end_frog_pond, layout_regular_city,
          dpeg_slime_entry_enclosed_altar, lemuel_fruit_fields,
          serial_bayou_shore_b

Skill      XL: |  1  2  3  4  5  6  7  8  9 10 11 12 |
---------------+-------------------------------------+-----
Axes           | 3 4 5 6 7 8 9 10 11 | 11.9
Evocations     | 1 2 4 7 |  7.7
Throwing       | 1 |  1.0
Dodging        | 4 6 8 9 10 | 10.3
Armour         | 2 3 4 5 6 |  6.0
Fighting       | 4 6 7 8 9 |  9.1

Action                   |  1- 3 |  4- 6 |  7- 9 | 10-12 || total
-------------------------+-------+-------+-------+-------++-------
Melee: Hand axe          |   124 |   110 |   378 |   408 ||  1020
       Spear             |       |       |    42 |       ||    42
       Tailslap          |       |       |     1 |       ||     1
       War axe           |       |       |       |   407 ||   407
       Trident           |       |       |       |   125 ||   125
       Battleaxe         |       |       |       |     8 ||     8
       Broad axe         |       |       |       |    27 ||    27
Throw: Stone             |       |       |    10 |       ||    10
       Dart              |       |       |     5 |    10 ||    15
Invok: Berserk           |     3 |     4 |     9 |    10 ||    26
       Trog's Hand       |       |     2 |     7 |    12 ||    21
       Brothers in Arms  |       |       |       |     1 ||     1
Evoke: Wand              |       |       |       |     3 ||     3
  Use: Scroll            |       |       |    14 |    16 ||    30
       Potion            |       |       |       |     3 ||     3
 Stab: Sleeping          |     2 |       |     1 |       ||     3
Armor: Animal skin       |     4 |       |       |       ||     4
       Leather armour    |    48 |     1 |       |       ||    49
       Ring mail         |       |    31 |    87 |       ||   118
       Scale mail        |       |       |    67 |    13 ||    80
       Swamp dragon scal |       |       |       |   329 ||   329
Dodge: Dodged            |    82 |    58 |   221 |   762 ||  1123
